 Dungeon Crawl Stone Soup version 0.29.1-1-gd02db6906a (webtiles) character file.

Game seed: 11713917666578011033

61 Hadkhar the Gusty (level 4, 0/24 HPs)
             Began as a Tengu Air Elementalist on Oct 2, 2022.
             Slain by a worm (9 damage)
             ... on level 2 of the Dungeon.
             The game lasted 00:08:32 (1774 turns).

Hadkhar the Gusty (Tengu Air Elementalist)          Turns: 1774, Time: 00:08:33

Health: 0/24       AC:  5    Str:  8    XL:     4   Next: 7%
Magic:  8/8        EV: 12    Int: 18    God:
Gold:   121        SH:  0    Dex: 14    Spells: 7/8 levels left

rFire   . . .      SeeInvis .   i - +5 whip
rCold   . . .      Faith    .   (no shield)
rNeg    . . .      Spirit   .   e - +0 leather armour {Will+}
rPois   .          Reflect  .   (helmet restricted)
rElec   .          Harm     .   (no cloak)
rCorr   .          Rampage  .   c - +1 pair of gloves
Will    +....                   (boots unavailable)
Stlth   ++........              (no amulet)
HPRegen 0.08/turn               (no ring)
MPRegen 0.11/turn               (no ring)

@: no status effects
A: beak, talons 3
a: no special abilities


You were on level 2 of the Dungeon.
You visited 1 branch of the dungeon, and saw 2 of its levels.

You collected 121 gold pieces.

Inventory:

Hand Weapons
 h - a +1 dagger of venom
 i - a +5 whip (weapon)
Armour
 a - a +0 robe
 c - a +1 pair of gloves (worn)
 e - a +0 leather armour of willpower (worn)
Scrolls
 d - a scroll of enchant weapon {unknown}
 f - a scroll of teleportation {unknown}
 g - a scroll of noise {unknown}
 j - a scroll of summoning {unknown}
 l - a scroll of vulnerability {unknown}
 n - a scroll of enchant armour {unknown}
Potions
 b - a potion of magic
 k - a potion of heal wounds {unknown}
 m - a potion of mutation {unknown}


   Skills:
 + Level 2.8 Dodging
 + Level 2.6 Stealth
 + Level 2.5 Spellcasting
 + Level 2.4 Conjurations
 + Level 4.5 Air Magic


You had 7 spell levels left.
You knew the following spells:

 Your Spells              Type           Power      Damage    Failure   Level
a - Shock                 Conj/Air       56%        1d6       6%          1

Your spell library contained the following spells:

 Spells                   Type           Power      Damage    Failure   Level
 Static Discharge         Conj/Air       14%        3-5/arc   9%          2
 Swiftness                Air            18%        N/A       12%         3
 Airstrike                Air            9%         2d(2-18)  36%         4


Dungeon Overview and Level Annotations

Branches:
Dungeon (2/15)

Altars:


Innate Abilities, Weirdness & Mutations

You have a beak for a mouth.
You have claws for feet.


Message History

You miss the frilled lizard. Your peck misses the frilled lizard.
The frilled lizard closely misses you.
You barely miss the frilled lizard. The frilled lizard misses you.
You hit the frilled lizard.
You kill the frilled lizard!
There is an empty arch of ancient stone here.
You see here a frilled lizard corpse.
There is a faded altar of an unknown god here.
There is a dry fountain here.
l - a scroll labelled SAKEUF FIMM You now have 121 gold pieces (gained 11).
Found a scroll labelled DALYATZ WAYLEYME.
Found an escape hatch in the floor.
Found a stone staircase leading up.
Found 15 gold pieces.
m - a sedimented brown potion
n - a scroll labelled DALYATZ WAYLEYME A worm comes into view.
Found 18 gold pieces.
You see here 15 gold pieces.
The helpless worm fails to defend itself.
You whack the worm! You claw the worm.
The worm is heavily wounded.
The worm misses you.
You hit the worm.
The worm is almost dead.
The worm bites you!
You barely miss the worm.
The worm is almost dead.
You completely miss the worm. You claw the worm, but do no damage.
The worm is almost dead.
The worm barely misses you.
You hit the worm but do no damage.
The worm is severely wounded.
The worm bites you!
You hit the worm but do no damage.
The worm is severely wounded.
You barely miss the worm. You claw the worm.
The worm is almost dead.
The worm bites you!
You die...

.### #....##.. ... ...
.......##..........###
#.........#........#
#....$....#........###
#.........#.^.........
#.........#........###
#.....w...#........# #
#....@....#........###
#.........#........#..
#######..$......######.....#
#.........####.#####...†####
#..>......# #.##........###
#..<......##......#.........
#..........................#
#.........#####.............
#.........# #####..........#


You could see a worm.

Vanquished Creatures
  3 dart slugs (D:1)
  4 endoplasms (D:1)
  2 giant cockroaches (D:1)
  4 goblins
  2 hobgoblins
  4 jackals (D:2)
  7 kobolds
  3 quokkas
  4 ball pythons
  7 bats
  7 frilled lizards
  2 rats (D:1)
49 creatures vanquished.

Notes
Turn   | Place    | Note
-------+----------+-------------------------------------------
     0 | D:1      | Hadkhar the Tengu Air Elementalist began the quest for the
                  | Orb.
     0 | D:1      | Reached XP level 1. HP: 10/10 MP: 4/4
   747 | D:1      | Reached XP level 2. HP: 15/15 MP: 6/6
  1122 | D:1      | Reached XP level 3. HP: 18/19 MP: 4/7
  1691 | D:2      | Reached XP level 4. HP: 21/24 MP: 8/8
  1731 | D:2      | Found a faded altar of an unknown god.
  1774 | D:2      | Slain by a worm

Illustrated notes

Levels and vault maps discovered:
D:1:      arrival_zaba_pyramid, layout_basic, corexii_corridor_pit,
          serial_bayou_pond_d, minmay_domino_4
D:2:      layout_rooms, basic_altar, shapermc_ecumenical_altar_venn,
          serial_shops, shop_fountains, minmay_box_of_dots

Skill      XL: |  1  2 |
---------------+-------+-----
Conjurations   | 2 |  2.4
Dodging        | |  2.8
Stealth        | |  2.6
Spellcasting   | |  2.5
Air Magic      | |  4.5

Action                   |  1- 3 |  4- 6 || total
-------------------------+-------+-------++-------
Melee: Unarmed           |    11 |       ||    11
       Kick              |    14 |     3 ||    17
       Peck              |     9 |     1 ||    10
       Punch             |     1 |       ||     1
       Dagger            |    39 |       ||    39
       Whip              |     9 |    13 ||    22
 Cast: Shock             |    32 |       ||    32
 Stab: Sleeping          |     3 |     1 ||     4
Armor: Robe              |     5 |       ||     5
       Leather armour    |    15 |     1 ||    16
Dodge: Dodged            |    53 |     7 ||    60
